 Dungeon Crawl Stone Soup version 0.17-a0-764-gd40c196 (webtiles) character file.

117 karvarausku the Insei (level 4, -2/38 HPs)
             Began as a Draconian Monk on Apr 23, 2015.
             Succumbed to kobold's curare-tipped needle
             ... on level 4 of the Dungeon.
             The game lasted 00:05:56 (2302 turns).

karvarausku the Insei (Draconian Monk)              Turns: 2302, Time: 00:05:56

Health: -2/38      AC:  8    Str: 14    XL:     4   Next: 71%
Magic:  4/4        EV: 13    Int: 15    God:
Gold:   102        SH:  0    Dex: 14    Spells: 0 memorised, 3 levels left

rFire  . . .     SeeInvis .       - Unarmed
rCold  . . .     Clarity  .     (armour unavailable)
rNeg   . . .     SustAb   .     (no shield)
rPois  .         Gourm    .     g - +2 hat
rElec  .         Spirit   .     (no cloak)
rCorr  .         Warding  .     (no gloves)
rMut   .         Stasis   .     s - +0 pair of boots
MR     .....                    (no amulet)
Stlth  ++........               (no ring)
                                (no ring)

@: brilliant, lethally poisoned (-2 -> -36), slowed, very slow, not resistant to
hostile enchantments, unstealthy
A: unfitting armour, cold-blooded, AC +5
a: no special abilities


You were on level 4 of the Dungeon.
You were hungry.

You visited 1 branch of the dungeon, and saw 4 of its levels.

You collected 102 gold pieces.

Inventory:

Hand weapons
 b - a +0 blowgun
Missiles
 x - 9 poisoned needles
Armour
 g - a +2 hat (worn)
 s - a +0 pair of boots (worn)
 D - a +2 pair of gloves
Jewellery
 p - a +2 ring of strength {unknown}
 y - an uncursed ring of protection from magic {unknown}
Scrolls
 c - a scroll of random uselessness {unknown}
 d - a scroll of noise {unknown}
 e - a scroll of recharging {unknown}
 h - 2 scrolls of remove curse {unknown}
 i - 3 scrolls of identify {unknown}
 k - a scroll of enchant armour {unknown}
 m - 2 scrolls of teleportation {unknown}
 w - a scroll of immolation {unknown}
 B - a scroll of magic mapping {unknown}
Potions
 f - a potion of invisibility {unknown}
 l - a potion of flight {unknown}
 n - a potion of heal wounds {unknown}
 q - a potion of poison {unknown}
 r - a potion of curing {unknown}
 t - a potion of beneficial mutation {unknown}
 u - a potion of berserk rage {unknown}
 v - a potion of resistance {unknown}
 z - a potion of ambrosia {unknown}
Comestibles
 a - 4 bread rations
 o - 2 meat rations
 A - a beef jerky
 C - 2 chunks of flesh


   Skills:
 - Level 3.2 Fighting
 - Level 2.6 Dodging
 - Level 1.7 Stealth
 + Level 6.1 Unarmed Combat


You had 3 spell levels left.
You didn't know any spells.

Dungeon Overview and Level Annotations

Branches:
Dungeon (4/15)
 Temple: D:4-7

Altars:
Dithmenos
Elyvilon


Innate Abilities, Weirdness & Mutations

Your plain brown scales are hard (AC +5).
Your body does not fit into most forms of armour.
You are cold-blooded and may be slowed by cold attacks.


Message History

The orc is lightly wounded.
You feel sick. The orc hits you with a flail!
The kobold shoots a curare-tipped needle.
The curare-tipped needle hits you.
You are lethally poisoned!
You have difficulty breathing.
You feel as though you will be slow longer.
The orc closely misses you.
You feel sick.
The kobold shoots a curare-tipped needle.
The curare-tipped needle hits you.
You are more poisoned.
You have difficulty breathing.
* * * LOW HITPOINT WARNING * * *
You feel as though you will be slow longer.
You see here a curare-tipped needle.
Drink which item? (? for menu, Esc to quit)
It was a potion of brilliance.
You feel clever all of a sudden.
You die...

. ..# ... ...#
....## #....
#...# ....###
###...... #...#
....###.........
#...
#...........K..
...#
#.............
...#
##.(............
...#
##.....@o........
...#
#...#########....
...## ###..##
#...####...##
#####
##...##..รท##
###...##
##......##
##......##
##)...##
#........# #....#
###.#<.....#
#....#
##.._..#...(#


You could see an orc and a kobold.

Vanquished Creatures
  4 adders
  2 oozes (D:2)
  A worm (D:3)
  4 orcs
  5 giant cockroaches
  8 goblins
  10 hobgoblins
  A ball python (D:2)
  11 bats
  5 giant newts
  7 kobolds
  9 rats
67 creatures vanquished.

Notes
Turn   | Place    | Note
--------------------------------------------------------------
     0 | D:1      | karvarausku, the Draconian Monk, began the quest for the Orb.
     0 | D:1      | Reached XP level 1. HP: 19/19 MP: 1/1
   252 | D:1      | Reached XP level 2. HP: 21/26 MP: 2/2
   669 | D:2      | Reached skill level 5 in Unarmed Combat
   669 | D:2      | Reached XP level 3. HP: 20/31 MP: 3/3
  1098 | D:2      | Reached XP level 4. HP: 31/38 MP: 4/4
  1691 | D:3      | Found a shadowy altar of Dithmenos.
  1764 | D:3      | Reached skill level 6 in Unarmed Combat
  2186 | D:4      | Found a white marble altar of Elyvilon.
  2302 | D:4      | Succumbed to kobold's curare-tipped needle

Action                   |  1- 3 |  4- 6 || total
-------------------------+-------+-------++-------
Melee: Unarmed           |   116 |    74 ||   190
 Fire: Blowgun           |       |     4 ||     4
  Use: Potion            |       |     1 ||     1
 Stab: Sleeping          |     4 |     2 ||     6
  Eat: Chunk             |       |     4 ||     4
